 Dungeon Crawl Stone Soup version 0.32-a0-876-gcfddb08e57 (webtiles) character file.

Game seed: 7470294206065804327

31468 bmack86 the Severer (level 13, -8/122 HPs)
             Began as a Minotaur Fighter on Apr 1, 2024.
             Was a High Priest of Okawaru.
             Killed from afar by a lindwurm (39 damage)
             ... with a blast of flame
             ... on level 5 of the Lair of Beasts.
             The game lasted 00:28:04 (11748 turns).

bmack86 the Severer (Minotaur Fighter)             Turns: 11748, Time: 00:28:04

Health: -8/122     AC: 25    Str: 26    XL:     13   Next: 26%
Magic:  18/18      EV:  9    Int:  5    God:    Okawaru [*****.]
Gold:   600        SH:  0    Dex: 16    Spells: 12/12 levels left

rFire   x . .        J - +9 battleaxe of Indomitability {freeze, Dex+6 Stlth+}
rCold   . . .        (shield currently unavailable)
rNeg    + . .        m - +4 ring mail
rPois   +            M - +2 hat {Will+}
rElec   .            x - +2 cloak
rCorr   .            k - +0 pair of gloves
SInv    .            j - +2 pair of boots
Will    +....        f - amulet of the acrobat
Stlth   ++           t - ring "Nuehidgh" {rPois rF- rN+ AC+4}
HPRegen 0.40/turn    z - ring of flight
MPRegen 0.16/turn

%: acrobat
@: flying, studying Earth Magic
A: horns 2, retaliatory headbutt
a: Renounce Religion, Heroism, Finesse, Duel


You were on level 5 of the Lair of Beasts.
You worshipped Okawaru.
Okawaru was extremely pleased with you.
You visited 3 branches of the dungeon, and saw 14 of its levels.
You also visited: Ossuary.

You collected 696 gold pieces.
You spent 96 gold pieces at shops.

Inventory:

Hand Weapons
 a - a +0 war axe
 J - the +9 battleaxe of Indomitability (weapon) {freeze, Dex+6 Stlth+}
   (You found it on level 9 of the Dungeon)

   Dex+6:     It affects your dexterity (+6).
   Stlth+:    It makes you more stealthy.
Missiles
 y - a throwing net
 A - 14 javelins
 D - 5 boomerangs
 G - a curare-tipped dart
Armour
 b - a +0 scale mail
 c - a +0 buckler
 j - a +2 pair of boots (worn)
 k - a +0 pair of gloves (worn)
 m - a +4 ring mail (worn)
 x - a +2 cloak (worn)
 M - a +2 hat of willpower (worn)
 Q - a +0 plate armour
Jewellery
 f - an amulet of the acrobat (around neck)
 o - a ring of positive energy
 r - a ring of fire
 t - the ring "Nuehidgh" (left hand) {rPois rF- rN+ AC+4}
   (You found it on level 3 of the Dungeon)

   [ring of protection]

   AC+4:      It affects your AC (+4).
   rF-:       It makes you vulnerable to fire.
   rPois:     It protects you from poison.
   rN+:       It protects you from negative energy.
 z - a ring of flight (right hand)
 K - a ring of fire
 N - a ring of see invisible
 R - a ring of poison resistance
Wands
 n - a wand of iceblast (9)
 E - a wand of flame (38) (quivered)
 P - a wand of mindburst (11)
Scrolls
 e - 4 scrolls of fear
 h - 5 scrolls of fog
 l - a scroll of immolation
 p - 3 scrolls of identify
 s - 13 scrolls of teleportation
 I - a scroll of poison
 L - 2 scrolls of amnesia
 O - a scroll of butterflies
Potions
 d - 4 potions of might
 g - 2 potions of enlightenment
 i - 2 potions of resistance
 q - 3 potions of attraction
 u - 3 potions of brilliance
 v - 2 potions of ambrosia
 w - 6 potions of curing
 B - a potion of magic
 C - a potion of lignification
 H - 2 potions of mutation
Miscellaneous
 F - a tin of tremorstones (2/2)


   Skills:
 * Level 13.1 Fighting
 + Level 19.7 Axes
 + Level 9.8 Armour
 - Level 5.0 Shields
 - Level 8.0 Invocations


You had 12 spell levels left.
You didn't know any spells.
Your spell library contained the following spells:

 Spells                   Type           Power      Damage    Failure   Level
 Magic Dart               Conj           0%         1d3       58%         1
 Slow                     Hex            0%         N/A       58%         1
 Blink                    Tloc           0%         N/A       73%         2
 Cigotuvi's Dreadful Rot  Necr/Alch/Air  0%         N/A       73%         2
 Lesser Beckoning         Tloc           0%         N/A       73%         2
 Momentum Strike          Conj/Tloc      0%         3d8       73%         2
 Confusing Touch          Hex            0%         N/A       91%         3
 Vampiric Draining        Necr           0%         2d6       91%         3
 Ignite Poison            Fire/Alch      0%         N/A       100%        4
 Freezing Cloud           Conj/Ice/Air   0%         6-21      100%        5


Dungeon Overview and Level Annotations

Branches:
Dungeon (9/15)             Temple (1/1) D:4            Lair (3/5) D:9
 Shoals (0/4) Lair:2        Slime (0/5) Lair:5      Ossuary (visited)
  Snake: Lair:2-3    Spider: Lair:2-3       Orc: D:9-12

Altars:
Ashenzari
Cheibriados
Dithmenos
Elyvilon
Fedhas
Gozag
Hepliaklqana
Kikubaaqudgha
Makhleb
Nemelex Xobeh
Okawaru
Qazlal
Ru
Sif Muna
Trog
Uskayaw
Vehumet
Wu Jian
Xom
Yredelemnul
Zin
The Shining One

Shops:
D:3 !   D:5 :

Portals:
Volcano: Lair:5


Innate Abilities, Weirdness & Mutations

You have a pair of horns on your head.
You reflexively headbutt those who attack you in melee.


Message History

The wolf closely misses you. You furiously retaliate!
You headbutt the wolf.
You kill the wolf!
Okawaru accepts your kill.
You see here a wolf corpse.
Unknown command.
You slash the wolf! You freeze the wolf.
The wolf is almost dead.
The wolf closely misses you. You furiously retaliate!
You headbutt the wolf.
You kill the wolf!
Okawaru accepts your kill.
You see here a wolf corpse.
You slash the fungus!
The fungus begins to die.
You freeze the fungus. You headbutt the fungus.
The fungus is lightly damaged.
You slice the fungus!! You freeze the fungus.
The fungus is moderately damaged.
You hear the slow rumble of an avalanche of rocks very nearby.
Found 20 gold pieces.
Found 15 gold pieces.
A nearby fungus withers and dies.
o - a ring of positive energy You now have 585 gold pieces (gained 20).
Found a ring mail.
You now have 600 gold pieces (gained 15).
You see here 6 stones.
Found a book of Minor Magic.
You hear the slow rumble of an avalanche of rocks very nearby.
The lindwurm roars!
The lindwurm breathes flames at you. The blast of flame hits you!!
The fire burns you terribly! The lindwurm breathes flames at you.
The blast of flame hits you!!! The fire burns you terribly!
* * * LOW HITPOINT WARNING * * *
The lindwurm misses you. You furiously retaliate!
You headbutt the lindwurm. The lindwurm closely misses you. x2
You hit the lindwurm. You freeze the lindwurm. You headbutt the lindwurm!
The lindwurm is moderately wounded.
The lindwurm breathes flames at you. The blast of flame hits you!!!
The fire burns you terribly!
You die...

......#.#..###..................P
...(....†........................
.................................
..########.#.######.#............
.##### #############...........
.#...########......###...........
...#.........≈≈≈§..∩###.##..##..#
...#≈≈≈§...§§≈..§≈≈≈########.#.##
...#...≈≈≈≈§§...@k..##Y###.##..##
.#...#.....§§#########Y..Y.##..##
.############# *** ###.......#...
..****** **,****,,,,,,,,*,,,
..,,,,,* *,,,,*,**,*,,,,,,**
..,,,,,**** **,,,*******,,**,,**
,,,,,,,*,,****,,,,,*,*,*,,,*,,,*,
,,,,,,,,,,,,,,,,,,,,,,,,,,,,,,,,,
,,,,,,,,,,,,,,,,,,,,,,,,,,,,,,,,,


You could see a lindwurm (catching breath).

Vanquished Creatures
  Gastronok (Lair:1)
  2 hydras
  A boulder beetle (Lair:2)
  10 death yaks
  An arcanist (D:9)
  5 large abominations (D:9)
  Pikel (D:5)
  A cyclops (D:8)
  13 elephants
  A water nymph (Lair:2)
  A rime drake (Lair:5)
  6 cane toads
  Psyche (D:9)
  5 komodo dragons
  A troll (D:9)
  3 polar bears
  8 blink frogs
  Prince Ribbit (D:5)
  4 wyverns
  11 yaks
  6 small abominations (D:9)
  A basilisk (Lair:1)
  A steam dragon (D:8)
  8 water moccasins
  5 black bears
  An orc warrior (D:7)
  2 ice beasts
  2 sky beasts
  4 centaurs
  7 wolves
  2 phantoms (D:5)
  4 lemures (D:5)
  4 elf zombies (Ossuary)
  4 kobold brigands
  3 elf skeletons (D:7)
  4 bullfrogs
  2 scorpions
  8 wights
  6 killer bees
  2 howler monkeys
  2 centaur zombies (Ossuary)
  2 orc priests (D:7)
  5 hounds
  Crazy Yiuf (D:5)
  2 human zombies
  3 gnoll boudas
  A jelly (D:6)
  2 sleepcaps
  2 human skeletons (D:7)
  Ijyb (D:5)
  5 iguanas
  4 orc wizards
  4 hound zombies (Ossuary)
  2 mummies (Ossuary)
  9 adders
  16 gnolls
  A white imp (D:6)
  2 ufetubi (D:5)
  4 adder zombies (Ossuary)
  A ribbon worm (D:4)
  3 dart slugs
  24 orcs
  9 endoplasms
  A giant cockroach (D:1)
  7 goblins
  8 hobgoblins
  6 jackals
  7 ball pythons
  3 bats
  3 frilled lizards
  5 gnoll zombies (Ossuary)
  6 jackal zombies (Ossuary)
  24 kobolds
  5 kobold zombies (Ossuary)
  6 orc zombies (Ossuary)
  3 rats
342 creatures vanquished.

Notes
Turn   | Place    | Note
-------+----------+-------------------------------------------
     0 | D:1      | bmack86 the Minotaur Fighter began the quest for the Orb.
     0 | D:1      | Reached XP level 1. HP: 19/19 MP: 0/0
   178 | D:1      | Reached XP level 2. HP: 22/26 MP: 1/1
   317 | D:1      | Reached skill level 3 in Axes
   932 | D:2      | Reached XP level 3. HP: 31/31 MP: 2/2
  1046 | D:2      | Reached skill level 5 in Shields
  1047 | D:2      | Found a faded altar of an unknown god.
  1124 | D:2      | Reached skill level 4 in Axes
  1127 | D:2      | Reached XP level 4. HP: 35/39 MP: 3/3
  1793 | D:3      | Identified the ring "Nuehidgh" {rPois rF- rN+ AC+4}
  1985 | D:3      | Found Muerphaj's Distillery.
  2028 | D:3      | Bought a potion of curing for 36 gold pieces
  2028 | D:3      | Bought a potion of heal wounds for 60 gold pieces
  2223 | D:4      | Reached skill level 5 in Axes
  2234 | D:4      | Reached XP level 5. HP: 25/45 MP: 4/4
  2310 | D:4      | Found a glowing golden altar of the Shining One.
  2325 | D:4      | Found a staircase to the Ecumenical Temple.
  2331 | Temple   | Entered the Ecumenical Temple
  2351 | Temple   | Became a worshipper of Warmaster Okawaru
  2627 | D:4      | Noticed a sky beast
  2632 | D:4      | Reached skill level 6 in Axes
  2636 | D:4      | Killed a sky beast
  2637 | D:4      | Reached skill level 1 in Invocations
  2637 | D:4      | Reached XP level 6. HP: 36/51 MP: 4/6
  3293 | D:5      | Entered Level 5 of the Dungeon
  3303 | D:5      | Reached skill level 7 in Axes
  3374 | D:5      | Noticed Ijyb
  3403 | D:5      | Killed Ijyb
  3600 | D:5      | Noticed an ice beast
  3606 | D:5      | Killed an ice beast
  3606 | D:5      | Reached * piety under Okawaru
  3667 | D:5      | Reached skill level 8 in Axes
  3667 | D:5      | Reached XP level 7. HP: 57/57 MP: 6/8
  3749 | D:5      | Found a hide-covered altar of Uskayaw.
  3750 | D:5      | Noticed a +0 dagger
  3751 | D:5      | Noticed a +0 hand axe
  3834 | D:5      | Found a white marble altar of Elyvilon.
  3851 | D:5      | Noticed Prince Ribbit
  3879 | D:5      | Killed Prince Ribbit
  3879 | D:5      | Reached ** piety under Okawaru
  3880 | D:5      | Reached skill level 9 in Axes
  3880 | D:5      | Reached XP level 8. HP: 21/64 MP: 8/10
  3941 | D:5      | Found Umnooth's Book Shop.
  4197 | D:5      | Found a radiant altar of Vehumet.
  4197 | D:5      | Found an ancient bone altar of Kikubaaqudgha.
  4199 | D:5      | Found a shimmering blue altar of Sif Muna.
  4210 | D:5      | Reached skill level 10 in Axes
  4217 | D:5      | Got Vehumet's Papyrus of Damage
  4334 | D:5      | Found a bloodstained altar of Trog.
  4421 | D:5      | Found a runed translucent door.
  4421 | D:5      | Noticed Pikel
  4421 | D:5      | Noticed Crazy Yiuf
  4435 | D:5      | Killed Crazy Yiuf
  4455 | D:5      | Killed Pikel
  4455 | D:5      | Reached *** piety under Okawaru
  4456 | D:5      | Reached skill level 11 in Axes
  4456 | D:5      | Reached skill level 5 in Invocations
  4650 | D:6      | Reached XP level 9. HP: 70/70 MP: 12/12
  4691 | D:6      | Reached skill level 12 in Axes
  5662 | D:7      | Found a sand-covered staircase.
  5691 | Ossuary  | Entered an ossuary
  5826 | Ossuary  | Reached skill level 13 in Axes
  6054 | D:7      | Reached **** piety under Okawaru
  6302 | D:7      | Found a sacrificial altar of Ru.
  6303 | D:7      | Found an opulent altar of Gozag.
  6434 | D:7      | Reached skill level 14 in Axes
  6469 | D:7      | Found a shadowy altar of Dithmenos.
  6929 | D:8      | Reached XP level 10. HP: 77/77 MP: 14/14
  7393 | D:8      | Noticed a four-headed hydra
  7453 | D:9      | Reached skill level 15 in Axes
  7489 | D:9      | Found an ornate altar of the Wu Jian Council.
  7533 | D:9      | Found a staircase to the Lair.
  7533 | D:9      | Noticed an elephant
  7555 | D:9      | Killed an elephant
  7576 | D:9      | Reached ***** piety under Okawaru
  7687 | D:9      | Noticed Psyche
  7695 | D:9      | Killed Psyche
  7696 | D:9      | Reached skill level 16 in Axes
  7886 | D:9      | Noticed an arcanist
  7892 | D:9      | Killed an arcanist
  7892 | D:9      | Received a gift from Okawaru
  7959 | D:9      | Noticed a large abomination
  7959 | D:9      | Noticed a large abomination
  7959 | D:9      | Noticed a large abomination
  7959 | D:9      | Noticed a large abomination
  7967 | D:9      | Reached skill level 17 in Axes
  7977 | D:9      | Killed a large abomination
  7978 | D:9      | Reached XP level 11. HP: 82/82 MP: 9/16
  8004 | D:9      | Killed a large abomination
  8029 | D:9      | Killed a large abomination
  8030 | D:9      | Reached skill level 18 in Axes
  8182 | D:9      | Identified the +9 battleaxe of Indomitability {freeze,
                  | Dex+6 Stlth+}
  8440 | D:8      | Reached skill level 5 in Fighting
  8456 | D:8      | Killed a seven-headed hydra
  8798 | D:8      | Reached skill level 5 in Armour
  8971 | Lair:1   | Entered Level 1 of the Lair of Beasts
  9277 | Lair:1   | Noticed a death yak
  9277 | Lair:1   | Noticed a death yak
  9277 | Lair:1   | Noticed a death yak
  9278 | Lair:1   | Noticed a death yak
  9285 | Lair:1   | Killed a death yak
  9291 | Lair:1   | Killed a death yak
  9291 | Lair:1   | Received a gift from Okawaru
  9296 | Lair:1   | Killed a death yak
  9302 | Lair:1   | Killed a death yak
  9309 | Lair:1   | Received a gift from Okawaru
  9557 | Lair:1   | Reached XP level 12. HP: 87/103 MP: 17/17
  9873 | Lair:1   | Noticed Gastronok
  9885 | Lair:1   | Killed Gastronok
 10172 | Lair:2   | Received a gift from Okawaru
 10172 | Lair:2   | Noticed a five-headed hydra
 10183 | Lair:2   | Reached skill level 10 in Fighting
 10198 | Lair:2   | Killed an 11-headed hydra
 10199 | Lair:2   | Reached skill level 19 in Axes
 10224 | Lair:2   | Identified the +0 ring mail of Experimentation {rElec Will+
                  | Int+3 Dex-5}
 10392 | Lair:2   | Noticed a death yak
 10393 | Lair:2   | Noticed a death yak
 10396 | Lair:2   | Noticed a death yak
 10396 | Lair:2   | Noticed a death yak
 10397 | Lair:2   | Noticed a death yak
 10398 | Lair:2   | Noticed a death yak
 10404 | Lair:2   | Killed a death yak
 10407 | Lair:2   | Killed a death yak
 10410 | Lair:2   | Killed a death yak
 10410 | Lair:2   | Received a gift from Okawaru
 10410 | Lair:2   | HP: 3/110 [death yak (20)]
 10414 | Lair:2   | Killed a death yak
 10415 | Lair:2   | Killed a death yak
 10416 | Lair:2   | Killed a death yak
 10452 | Lair:2   | HP: 2/112 [water nymph/the raging water (19)]
 10457 | Lair:2   | Found a staircase to the Shoals.
 10853 | Lair:2   | Noticed a boulder beetle
 10859 | Lair:2   | Killed a boulder beetle
 11296 | Lair:3   | Reached XP level 13. HP: 113/118 MP: 18/18
 11635 | Lair:3   | You are sucked into a shaft and drop 2 floors!
 11635 | Lair:5   | Entered Level 5 of the Lair of Beasts
 11637 | Lair:5   | Found a dark tunnel.
 11748 | Lair:5   | Killed from afar by a lindwurm

Illustrated notes

Levels and vault maps discovered:
D:1:      dpeg_arrival_short_road, layout_loops_corners,
          minmay_misc_feat_secret_circle
D:2:      layout_basic, ebering_ecumenical_altar_box, guppyfry_early_orc_mine
D:3:      minmay_spotlight, layout_loops_ring, serial_shops,
          nicolae_shop_window_shopping, minmay_misc_feat_rows
D:4:      minmay_skewed_foursquare, layout_gridville,
          mainiacjoe_overflow_cross_hatched,
          minmay_temple_entry_drinking_statues
D:5:      layout_loops_ring, grunt_temple_overflow_magic_moments,
          lemuel_round_altar, dancing_weapons_uskayaw,
          nicolae_elyvilon_peaceful_grove, serial_shops, nicolae_shop_crystal,
          uniq_crazy_yiuf_cottage, uniq_prince_ribbit1, uniq_ijyb, uniq_pikel
D:6:      layout_basic
D:7:      layout_gridville, mainiacjoe_overflow_alcove_4,
          nicolae_overflow_squiral, nicolae_ossuary_entry_catacombs
D:8:      layout_basic, minmay_manual_monstrance
D:9:      layout_roguey, mainiacjoe_overflow_catwalk, david_lair_generic,
          laboratory, uniq_psyche
Temple:   nicolae_temple_bog_church
Lair:1:   layout_regular_city, chequers_serial_rivers_marsh,
          beast_lair_carwin_11, uniq_gastronok
Lair:2:   layout_regular_city, nicolae_shoals_entry_flooding,
          serial_bayou_shore_b, lemuel_fruit_tree
Lair:3:   layout_cave_shapes, nicolae_snake_entry_warm_welcome,
          cheibrodos_lair_lostbears
Lair:5:   due_jungle_book, layout_regular_city, minmay_slime_entry_jelly_boxes,
          nicolae_volcano_entry_vermiform

Skill      XL: |  1  2  3  4  5  6  7  8  9 10 11 12 13 |
---------------+----------------------------------------+-----
Shields        | 4 5 |  5.0
Axes           | 3 4 5 6 8 9 11 14 17 18 19 | 19.7
Invocations    | 1 2 4 5 7 8 |  8.0
Fighting       | 8 12 13 | 13.1
Armour         | 6 9 |  9.8

Action                     |  1- 3 |  4- 6 |  7- 9 | 10-12 | 13-15 || total
---------------------------+-------+-------+-------+-------+-------++-------
  Melee: War axe           |    56 |   146 |   359 |   201 |       ||   762
         Headbutt          |     4 |    17 |    65 |    81 |    16 ||   183
         Battleaxe         |       |       |       |   153 |    44 ||   197
 Invoke: Heroism           |       |       |     1 |     6 |       ||     7
         Finesse           |       |       |       |     3 |       ||     3
  Evoke: Wand              |     1 |       |       |     3 |     4 ||     8
    Use: Scroll            |       |    14 |     3 |     4 |     3 ||    24
         Potion            |       |       |       |     5 |       ||     5
   Stab: Sleeping          |       |       |       |     1 |       ||     1
 Armour: Scale mail        |    19 |       |       |       |       ||    19
         Ring mail         |    13 |   126 |   221 |   261 |    43 ||   664
  Dodge: Dodged            |    38 |    76 |   211 |   220 |    54 ||   599
  Block: Buckler           |    18 |    31 |    77 |    32 |       ||   158

Table legend: (Time is in decaauts)
 A = Elapsed time spent in this place.
 B = Non-inter-level travel time spent in this place.
 C = Inter-level travel time spent in this place.
 D = Time resting spent in this place.
 E = Time spent auto-exploring this place.
 F = Levels seen in this place.
 G = Mean time per level.
                   A        B        C        D        E       F      G
               +--------+--------+--------+--------+--------+-----+--------+
         Total |  11644 |  11387 |    257 |    659 |   7789 |  15 |  776.3 |
       Dungeon |   8597 |   8398 |    199 |    205 |   6107 |   9 |  955.2 |
        Temple |     40 |      2 |     38 |      0 |      0 |   1 |   40.0 |
          Lair |   2729 |   2709 |     20 |    445 |   1682 |   4 |  682.2 |
       Ossuary |    276 |    276 |      0 |      9 |      0 |   1 |  276.0 |
               +--------+--------+--------+--------+--------+-----+--------+

Top non-repeatable levels by time:
     D:5: 1236 daAuts
  Lair:1: 1155 daAuts
  Lair:2: 1097 daAuts
     D:6: 1057 daAuts
     D:4: 1055 daAuts
     D:7: 1035 daAuts
     D:8: 1034 daAuts
     D:9: 935 daAuts
     D:1: 926 daAuts
     D:2: 719 daAuts
     D:3: 596 daAuts
  Lair:3: 366 daAuts
 Ossuary: 276 daAuts
  Lair:5: 109 daAuts
  Temple: 40 daAuts
